 Dungeon Crawl Stone Soup version 0.29-a0-598-gd8304a5bf4 (webtiles) character file.

Game seed: 369652476445265275

247 dolemite99 the Digger (level 6, -5/32 HPs)
             Began as a Kobold Earth Elementalist on June 16, 2022.
             Was a Believer of Nemelex Xobeh.
             Slain by a wyvern (13 damage)
             ... on level 4 of the Dungeon.
             The game lasted 00:03:57 (4004 turns).

dolemite99 the Digger (Kobold Earth Elementalist)   Turns: 4004, Time: 00:03:58

Health: -5/32      AC:  4    Str:  5    XL:     6   Next: 34%
Magic:  5/9        EV: 19    Int: 23    God:    Nemelex Xobeh [**....]
Gold:   178        SH:  0    Dex: 16    Spells: 2/9 levels left

rFire   . . .      SeeInvis .   a - +0 dagger (speed)
rCold   . . .      Faith    .   (no shield)
rNeg    . . .      Spirit   .   q - +1 robe of Havotyx {Regen+ Int+5}
rPois   .          Reflect  .   (no helmet)
rElec   .          Harm     .   g - +0 cloak
rCorr   .          Rampage  .   (no gloves)
Will    .....                   (no boots)
Stlth   +++.......              (no amulet)
HPRegen 0.90/turn               v - +4 ring of evasion
MPRegen 0.11/turn               (no ring)

@: no status effects
A: small, no large weapons, nightstalker 3
a: Renounce Religion, Draw Escape, Draw Destruction, Draw Summoning


You were on level 4 of the Dungeon.
You worshipped Nemelex Xobeh.
Nemelex Xobeh was pleased with you.
You visited 1 branch of the dungeon, and saw 4 of its levels.

You collected 178 gold pieces.

Inventory:

Hand Weapons
 a - a +0 dagger of speed (weapon)
 c - a +0 dagger
 f - a +0 dagger
 u - a +0 short sword of speed
Armour
 g - a +0 cloak (worn)
 q - the +1 robe of Havotyx (worn) {Regen+ Int+5}
   (You found it on level 2 of the Dungeon)

   Int:       It affects your intelligence (+5).
   Regen:     It increases your rate of health regeneration.
 s - a +0 robe
Jewellery
 v - a +4 ring of evasion (left hand)
Wands
 n - a wand of paralysis (3)
Scrolls
 h - a scroll of enchant armour {unknown}
 j - a scroll of teleportation {unknown}
 k - a scroll of vulnerability {unknown}
 l - a scroll of identify {unknown}
 o - a scroll of fog {unknown}
 p - 3 scrolls of noise {unknown}
Potions
 b - a potion of magic
 d - a potion of degeneration {unknown}
 e - 6 potions of curing {unknown}
 i - a potion of heal wounds {unknown}
 m - a potion of lignification {unknown}
 r - a potion of attraction {unknown}
 t - 2 potions of flight {unknown}
 w - a potion of haste {unknown}


   Skills:
 - Level 2.4 Dodging
 - Level 2.6 Stealth
 - Level 2.1 Spellcasting
 - Level 1.0 Transmutations
 + Level 6.6 Earth Magic


You had 2 spell levels left.
You knew the following spells:

 Your Spells              Type           Power      Damage    Failure   Level
a - Sandblast             Erth           66%        2d15      1%          1
b - Petrify               Tmut/Erth      20%        N/A       26%         4
c - Passwall              Tmut/Erth      16%        N/A       4%          2

Your spell library contained the following spells:

 Spells                   Type           Power      Damage    Failure   Level
 Summon Small Mammal      Summ           8%         N/A       13%         1
 Stone Arrow              Conj/Erth      34%        3d9       10%         3
 Call Canine Familiar     Summ           2%         N/A       36%         3
 Summon Guardian Golem    Hex/Summ       2%         N/A       36%         3
 Fireball                 Conj/Fire      1%         3d3       98%         5
 Starburst                Conj/Fire      1%         6d3       100%        6
 Ignition                 Fire           1%         3d3       100%        8


Dungeon Overview and Level Annotations

Branches:
Dungeon (4/15)
 Temple: D:4-7

Altars:
Nemelex Xobeh
Sif Muna
The Shining One


Innate Abilities, Weirdness & Mutations

You are small and have problems with some larger weapons.
You are completely attuned to the shadows.


Message History

Press: ? - help, Shift-Dir - straight line, f - wyvern
Aim: a wyvern (asleep, 100% to hit)
The blast of sand hits the wyvern but does no damage.
The wyvern hisses angrily.
The wyvern completely misses you.
Casting: Sandblast (safe; 1% risk of failure)
Confirm with . or Enter, or press ? or * to list all spells.
Aiming: Sandblast (safe; 1% risk of failure)
Press: ? - help, Shift-Dir - straight line, f/p - wyvern
Aim: a wyvern (82% to hit)
The blast of sand hits the wyvern but does no damage.
The wyvern closely misses you. The wyvern misses you. The wyvern bites you!
Casting: Sandblast (safe; 1% risk of failure)
Confirm with . or Enter, or press ? or * to list all spells.
Aiming: Sandblast (safe; 1% risk of failure)
Press: ? - help, Shift-Dir - straight line, f/p - wyvern
Aim: a wyvern (82% to hit)
The blast of sand hits the wyvern!
The wyvern is heavily wounded.
The wyvern bites you!
* * * LOW HITPOINT WARNING * * *
The wyvern barely misses you. x2
Casting: Sandblast (safe; 1% risk of failure)
Confirm with . or Enter, or press ? or * to list all spells.
The spell is extremely dangerous to miscast (26% risk of failure)!
Continue anyway? [Y]es or [N]o only, please.
The spell is extremely dangerous to miscast (26% risk of failure)!
Continue anyway? [Y]es or [N]o only, please.
The spell is extremely dangerous to miscast (26% risk of failure)!
Continue anyway?
Okay, then.
Casting: Petrify (extremely dangerous; 26% risk of failure)
Confirm with . or Enter, or press ? or * to list all spells.
Aiming: Sandblast (safe; 1% risk of failure)
Press: ? - help, Shift-Dir - straight line, f/p - wyvern
Aim: a wyvern (heavily wounded, 82% to hit)
The blast of sand hits the wyvern!
The wyvern is almost dead.
The wyvern bites you!
You die...
Your body glows with a rainbow of weird colours and disappears.

#.# #.#
#.#
#.####
#.#...
#.#.#####
#........
#.....#
....#.#@#
###.#.#l#
....#.#
##.#.#..
...


You could see a wyvern.

Vanquished Creatures
  A crimson imp (D:3)
  3 orc priests (D:3)
  An orc wizard (D:3)
  3 adders
  A worm (D:3)
  A dart slug (D:1)
  5 orcs (D:3)
  5 bats
  10 endoplasms
  3 giant cockroaches
  2 goblins (D:1)
  2 hobgoblins (D:1)
  5 jackals (D:2)
  2 quokkas (D:2)
  3 ball pythons
  A frilled lizard (D:1)
  A goblin skeleton (D:3)
  2 goblin zombies (D:3)
  3 hobgoblin zombies (D:3)
  4 kobolds
  2 kobold skeletons (D:3)
  A kobold zombie (D:3)
  2 orc skeletons (D:3)
  4 rats
67 creatures vanquished.

Vanquished Creatures (others)
  7 fungi (D:1)
  5 plants (D:1)
  A withered plant (D:4)
13 creatures vanquished.

Grand Total: 80 creatures vanquished

Notes
Turn   | Place    | Note
-------+----------+-------------------------------------------
     0 | D:1      | dolemite99 the Kobold Earth Elementalist began the quest
                  | for the Orb.
     0 | D:1      | Reached XP level 1. HP: 10/10 MP: 3/3
   452 | D:1      | Reached XP level 2. HP: 15/15 MP: 1/5
  1355 | D:1      | Reached skill level 4 in Earth Magic
  1355 | D:1      | Reached XP level 3. HP: 19/19 MP: 3/6
  1503 | D:1      | Found a faded altar of an unknown god.
  1508 | D:1      | Prayed at the altar of an unknown god.
  1508 | D:1      | Became a worshipper of Nemelex Xobeh the Trickster
  1508 | D:1      | Reached * piety under Nemelex Xobeh
  1508 | D:1      | Received a gift from Nemelex Xobeh
  2050 | D:2      | Reached XP level 4. HP: 24/24 MP: 4/7
  2063 | D:2      | Learned a level 4 spell: Petrify
  2066 | D:2      | Learned a level 2 spell: Passwall
  2136 | D:2      | Identified the +1 robe of Havotyx {Regen+ Int+5}
  2312 | D:2      | Reached ** piety under Nemelex Xobeh
  2842 | D:3      | Reached skill level 5 in Earth Magic
  2845 | D:3      | Reached XP level 5. HP: 22/28 MP: 3/8
  3300 | D:3      | Found a glowing golden altar of the Shining One.
  3312 | D:3      | Reached skill level 6 in Earth Magic
  3312 | D:3      | Reached XP level 6. HP: 31/32 MP: 3/9
  3530 | D:3      | Found a shimmering blue altar of Sif Muna.
  3999 | D:4      | Noticed a wyvern
  4004 | D:4      | Slain by a wyvern

Illustrated notes

Levels and vault maps discovered:
D:1:      dpeg_arrival_stonehenge_8_columns, layout_loops_ring,
          shapermc_ecumenical_altar_hornbeckon, minmay_cut_off
D:2:      layout_basic, minmay_pentomino_t2
D:3:      layout_loops_corners, mainiacjoe_overflow_cross_hatched,
          nicolae_tso_besieged_by_evil
D:4:      layout_basic, kiku_gazebo_garden_becter, gammafunk_ghost_arena,
          minmay_quantized

Skill      XL: |  1  2  3  4  5 |
---------------+----------------+-----
Earth Magic    | 4 5 6 |  6.6
Dodging        | |  2.4
Stealth        | |  2.6
Spellcasting   | |  2.1
Transmutations | |  1.0

Action                   |  1- 3 |  4- 6 || total
-------------------------+-------+-------++-------
Melee: Dagger            |     1 |     8 ||     9
 Cast: Sandblast         |    52 |    60 ||   112
Armor: Robe              |    10 |     8 ||    18
Dodge: Dodged            |    49 |    35 ||    84

Table legend: (Time is in decaauts)
 A = Elapsed time spent in this place.
 B = Non-inter-level travel time spent in this place.
 C = Inter-level travel time spent in this place.
 D = Time resting spent in this place.
 E = Time spent auto-exploring this place.
 F = Levels seen in this place.
 G = Mean time per level.
                   A        B        C        D        E       F      G
               +--------+--------+--------+--------+--------+-----+--------+
         Total |   4118 |   4070 |     48 |    660 |   2760 |   4 | 1029.5 |
       Dungeon |   4118 |   4070 |     48 |    660 |   2760 |   4 | 1029.5 |
               +--------+--------+--------+--------+--------+-----+--------+

Top non-repeatable levels by time:
     D:1: 1654 daAuts
     D:3: 1285 daAuts
     D:2: 1127 daAuts
     D:4: 50 daAuts
